Maroons vs Devils

Created - 22 janvier 2018 at 17:20

Goals
1 2 3 OT1 T
Maroons 0 3 2 0 5
Devils 2 1 2 1 6
Shots
1 2 3 OT1 T
Maroons 6 15 15 0 36
Devils 11 10 15 1 37

1st period

1. Devils , Alexander Kerfoot 4 (Steven Stamkos 24, Dmitry Kulikov 5) at 0:37
2. Devils , Steven Stamkos 20 (Alexander Kerfoot 2) at 13:09

Penalties :
Jakub Voracek (MON) for Roughing (Minor) at 8:45, Nazem Kadri (NJD) for Charging (Minor) at 14:17, Tyler Johnson (NJD) for Holding (Minor) at 15:07

2nd period

3. Devils , Steven Stamkos 21 (Dmitry Kulikov 6, Shea Weber 17) at 3:49
4. Maroons , Bo Horvat 16 (Cal Clutterbuck 6) at 7:31
5. Maroons , Erik Karlsson 6 (Bo Horvat 14, Matthew Tkachuk 23) at 11:30 (PP)
6. Maroons , Matt Duchene 16 (Mikko Koivu 22, Jakub Voracek 27) at 15:38 (PP)

Penalties :
Matthew Tkachuk (MON) for Holding (Minor) at 0:05, Nick Holden (NJD) for Hooking (Minor) at 10:00, Ben Lovejoy (NJD) for Elbowing (Minor) at 15:31

3rd period

7. Devils , Tanner Pearson 11 (Nazem Kadri 16) at 0:33
8. Devils , Danton Heinen 7 (T.J. Oshie 17) at 4:32
9. Maroons , Mikko Koivu 17 (Matthew Tkachuk 24, Jakub Voracek 28) at 7:17
10. Maroons , Matt Duchene 17 (Torey Krug 13, John Gibson) at 15:02 (PP)

Penalties :
Tyler Johnson (NJD) for High sticking (Minor) at 13:44, Carl Gunnarsson (MON) for Holding (Minor) at 18:08

Overtime #1

11. Devils , Nazem Kadri 8 (Steven Stamkos 25, Shea Weber 18) at 0:53

Penalties :
No Penalty

Goalie Stats

John Gibson (MON), 31 saves from 37 shots - (0,838), OTL, 17-14-3, 60:53 minutes
Scott Darling (NJD), 31 saves from 36 shots - (0,861), W, 15-11-6, 60:53 minutes

Players Stats for Maroons

Player Name              G  A  P  +/- PIM S  H  SB GA TA FO     MP     PP MP  PK MP  
------------------------------------------------------------------------------------
Beau Bennett             0  0  0  -1  0   1  0  1  0  0  0/0    11:07   0:00   0:16 
Bo Horvat                1  1  2  -2  0   3  2  1  1  0  8/15   17:39   2:05   1:40 
Brendan Gallagher        0  0  0  -1  0   4  3  1  2  0  0/0    10:51   0:00   0:00 
Cal Clutterbuck          0  1  1  -1  0   0  1  0  0  0  0/1    16:32   2:05   0:52 
Carl Gunnarsson          0  0  0  -2  2   0  0  1  0  2  0/0    12:16   0:00   0:00 
Christopher Tanev        0  0  0  -2  0   1  0  2  1  2  0/0    21:14   0:00   2:51 
Erik Karlsson            1  0  1  -3  0   2  2  0  0  1  0/0    27:48   3:32   3:20 
Jacob Trouba             0  0  0   1  0   1  0  3  0  1  0/0    22:56   2:12   3:07 
Jakub Voracek            0  2  2  -1  2   2  1  0  1  2  0/2    21:33   3:39   0:00 
Jayson Megna             0  0  0   0  0   1  0  0  0  0  0/1     6:27   0:00   0:00 
Matt Duchene             2  0  2  -2  0   8  2  0  1  0  1/1    18:54   3:39   1:21 
Matthew Tkachuk          0  2  2  -1  2   4  2  1  1  0  1/4    21:52   2:05   2:13 
Mikko Koivu              1  1  2  -1  0   2  2  1  0  0  22/44  25:09   3:39   3:32 
Nick Schmaltz            0  0  0  -1  0   1  0  0  0  0  1/4    12:44   2:12   0:00 
Nick Schultz             0  0  0  -2  0   0  0  0  0  0  0/0    12:20   0:00   0:07 
Pierre-Luc Dubois        0  0  0   0  0   2  1  0  0  0  1/2     8:40   0:00   1:52 
Torey Krug               0  1  1   1  0   3  1  1  1  1  0/0    22:22   3:32   2:29 
Zack Kassian             0  0  0   0  0   1  2  0  0  0  0/0     6:27   0:00   0:00 

Players Stats for Devils

Player Name              G  A  P  +/- PIM S  H  SB GA TA FO     MP     PP MP  PK MP  
------------------------------------------------------------------------------------
Alexander Debrincat      0  0  0   1  0   0  0  0  0  1  1/2    13:18   0:00   0:31 
Alexander Edler          0  0  0   1  0   0  0  0  0  1  0/0    17:13   3:01   0:36 
Alexander Kerfoot        1  1  2   2  0   2  2  0  0  0  0/2    17:08   2:54   0:00 
Andrew Cogliano          0  0  0   0  0   1  1  0  1  0  1/9    10:03   0:00   3:47 
Ben Lovejoy              0  0  0  -1  2   0  3  2  0  0  0/0    19:07   0:00   2:42 
Brayden Point            0  0  0   0  0   3  3  0  3  0  9/19   17:17   2:55   0:00 
Conor Sheary             0  0  0   0  0   4  0  0  0  0  1/1     7:48   0:00   0:44 
Danton Heinen            1  0  1   0  0   1  1  2  0  0  2/2    17:17   2:55   0:00 
Dmitry Kulikov           0  2  2   3  0   3  2  1  1  1  0/0    21:20   0:00   2:55 
Dominic Moore            0  0  0   0  0   1  0  1  0  1  2/4     9:18   0:00   3:02 
Matt Hunwick             0  0  0   0  0   3  0  0  0  1  0/0    22:36   2:48   2:19 
Nazem Kadri              1  1  2   2  2   3  0  0  2  0  7/9    14:08   0:00   0:29 
Nick Holden              0  0  0   1  2   0  2  0  0  2  0/0    18:56   3:01   2:20 
Shea Weber               0  2  2   4  0   1  0  1  1  0  0/0    22:32   2:48   0:36 
Steven Stamkos           2  2  4   3  0   6  2  1  1  0  17/25  18:01   2:54   0:00 
T.J. Oshie               0  1  1   0  0   3  1  0  0  0  0/0    17:17   2:55   0:00 
Tanner Pearson           1  0  1   1  0   4  0  1  0  1  0/1    14:39   0:00   1:04 
Tyler Johnson            0  0  0   2  4   2  0  0  0  0  0/0    18:36   2:54   0:41 

3 Stars

1 - Steven Stamkos (NJD)
2 - Alexander Kerfoot (NJD)
3 - Shea Weber (NJD)

Power Play

Maroons - 3 on 5 Attempt(s) - 60,00%
Devils - 0 on 3 Attempt(s) - 0,00%

Penalty Kill

Maroons - 3 on 3 Attempt(s) - 100,00% - Score 0 goal in Penalty Kill
Devils - 2 on 5 Attempt(s) - 40,00% - Score 0 goal in Penalty Kill

Team Stat

Maroons - Hits : 19 - Faceoff Wins : 34 - Blocked Shots : 12 - Penalty Minutes : 6
Devils - Hits : 17 - Faceoff Wins : 40 - Blocked Shots : 9 - Penalty Minutes : 10

Official

Referees : Dave Lewis and Marc Joannette
Linesman : Mark Wheler and Jonny Murray

Game Notes

No Game Note

Finance

Level 1 -- Attendance: 4246 (70,77%) -- Ticket Income 424 600 $
Level 2 -- Attendance: 4414 (88,28%) -- Ticket Income 264 840 $
Level 3 -- Attendance: 1904 (95,20%) -- Ticket Income 66 640 $
Level 4 -- Attendance: 3455 (86,38%) -- Ticket Income 69 100 $
Luxury Box -- Attendance: 745 (74,50%) -- Ticket Income 149 000 $
Game was played at the Hellgates Center.
Total Attendance: 14764 (82,02%)
Total Ticket Income: 974 180 $
Other Income: 477 348 $
Total Income: 1 451 528 $

Maroons

5 vs 5 Forward 
   Center                   Left Wing                Right Wing               Time % Phy DF OF 
 1 Mikko Koivu              Matthew Tkachuk          Jakub Voracek            40     1   2  2  
 2 Bo Horvat                Matt Duchene             Cal Clutterbuck          30     1   2  2  
 3 Nick Schmaltz            Beau Bennett             Brendan Gallagher        20     1   2  2  
 4 Jayson Megna             Pierre-Luc Dubois        Zack Kassian             10     1   2  2  

5 vs 5 Defense 
   Defense                  Defense                                           Time % Phy DF OF 
 1 Erik Karlsson            Christopher Tanev                                 40     1   1  3  
 2 Torey Krug               Jacob Trouba                                      30     1   2  2  
 3 Nick Schultz             Carl Gunnarsson                                   20     1   2  2  
 4 Erik Karlsson            Jacob Trouba                                      10     1   2  2  

PowerPlay Forward 
   Center                   Left Wing                Right Wing               Time % Phy DF OF 
 1 Mikko Koivu              Matt Duchene             Jakub Voracek            60     1   2  2  
 2 Bo Horvat                Matthew Tkachuk          Cal Clutterbuck          40     1   2  2  

PowerPlay Defense
   Defense                  Defense                                           Time % Phy DF OF 
 1 Erik Karlsson            Torey Krug                                        60     1   2  2  
 2 Jacob Trouba             Nick Schmaltz                                     40     1   2  2  

Penalty Kill 4 Players Forward 
   Center                   Wing                     Time % Phy DF OF 
 1 Mikko Koivu              Matthew Tkachuk          60     1   2  2  
 2 Matt Duchene             Bo Horvat                40     1   2  2  

Penalty Kill 4 Players Defense
   Defense                  Defense                  Time % Phy DF OF 
 1 Jacob Trouba             Erik Karlsson            60     1   2  2  
 2 Christopher Tanev        Torey Krug               40     1   2  2  

Penalty Kill - 3 Players Forward 
   Forward                                           Time % Phy DF OF 
 1 Mikko Koivu                                       60     1   2  2  
 2 Matt Duchene                                      40     1   2  2  

Penalty Kill - 3 Players Defense
   Defense                  Defense                  Time % Phy DF OF 
 1 Jacob Trouba             Christopher Tanev        60     1   2  2  
 2 Erik Karlsson            Torey Krug               40     1   2  2  

4 vs 4 Forward 
   Center                   Wing                     Time % Phy DF OF 
 1 Mikko Koivu              Brendan Gallagher        60     1   2  2  
 2 Matt Duchene             Bo Horvat                40     1   2  2  

4 vs 4 Defense
   Defense                  Defense                  Time % Phy DF OF 
 1 Erik Karlsson            Jacob Trouba             60     1   2  2  
 2 Christopher Tanev        Torey Krug               40     1   2  2  

Last Minutes Offensive
   Center                   Left Wing                Right Wing               Defense                  Defense                  
   Mikko Koivu              Matt Duchene             Jakub Voracek            Erik Karlsson            Jacob Trouba             

Last Minutes Defensive
   Center                   Left Wing                Right Wing               Defense                  Defense                  
   Mikko Koivu              Matt Duchene             Jakub Voracek            Erik Karlsson            Jacob Trouba             

Goaltenders
Starting : John Gibson              
Backup : Chad Johnson             

Extra Forwards
Normal : Mikko Koivu, Brendan Gallagher, Matt Duchene - PP : Mikko Koivu, Brendan Gallagher - PK : Mikko Koivu
Extra Defensemen
Normal : Torey Krug, Carl Gunnarsson, Erik Karlsson - PP : Torey Krug - PK : Christopher Tanev, Torey Krug
Penalty Shots
Mikko Koivu, Jakub Voracek, Matt Duchene, Bo Horvat, Matthew Tkachuk
Custom OT Lines Forwards
Mikko Koivu, Jakub Voracek, Matt Duchene, Bo Horvat, Matthew Tkachuk, Cal Clutterbuck, Brendan Gallagher, Beau Bennett, Zack Kassian, Nick Schmaltz
Custom OT Lines Defensemen
Erik Karlsson, Jacob Trouba, Carl Gunnarsson, Torey Krug, Nick Schultz

Scratches
None

Devils

5 vs 5 Forward 
   Center                   Left Wing                Right Wing               Time % Phy DF OF 
 1 Steven Stamkos           Alexander Kerfoot        Tyler Johnson            31     0   2  3  
 2 Brayden Point            Danton Heinen            T.J. Oshie               31     0   2  3  
 3 Nazem Kadri              Alexander Debrincat      Tanner Pearson           28     0   2  3  
 4 Dominic Moore            Andrew Cogliano          Conor Sheary             10     1   2  2  

5 vs 5 Defense 
   Defense                  Defense                                           Time % Phy DF OF 
 1 Shea Weber               Dmitry Kulikov                                    37     1   2  2  
 2 Matt Hunwick             Ben Lovejoy                                       34     1   2  2  
 3 Nick Holden              Alexander Edler                                   25     1   2  2  
 4 Shea Weber               Ben Lovejoy                                       4      1   2  2  

PowerPlay Forward 
   Center                   Left Wing                Right Wing               Time % Phy DF OF 
 1 Steven Stamkos           Alexander Kerfoot        Tyler Johnson            50     0   0  5  
 2 Brayden Point            Danton Heinen            T.J. Oshie               50     0   0  5  

PowerPlay Defense
   Defense                  Defense                                           Time % Phy DF OF 
 1 Shea Weber               Matt Hunwick                                      50     1   2  2  
 2 Nick Holden              Alexander Edler                                   50     1   2  2  

Penalty Kill 4 Players Forward 
   Center                   Wing                     Time % Phy DF OF 
 1 Andrew Cogliano          Dominic Moore            60     1   4  0  
 2 Tyler Johnson            Tanner Pearson           40     1   4  0  

Penalty Kill 4 Players Defense
   Defense                  Defense                  Time % Phy DF OF 
 1 Matt Hunwick             Dmitry Kulikov           50     1   4  0  
 2 Nick Holden              Ben Lovejoy              50     1   2  2  

Penalty Kill - 3 Players Forward 
   Forward                                           Time % Phy DF OF 
 1 Andrew Cogliano                                   66     1   2  2  
 2 Tyler Johnson                                     34     1   2  2  

Penalty Kill - 3 Players Defense
   Defense                  Defense                  Time % Phy DF OF 
 1 Shea Weber               Alexander Edler          60     1   2  2  
 2 Nick Holden              Ben Lovejoy              40     1   2  2  

4 vs 4 Forward 
   Center                   Wing                     Time % Phy DF OF 
 1 Steven Stamkos           Nazem Kadri              50     1   2  2  
 2 Danton Heinen            T.J. Oshie               50     1   2  2  

4 vs 4 Defense
   Defense                  Defense                  Time % Phy DF OF 
 1 Shea Weber               Matt Hunwick             50     1   2  2  
 2 Nick Holden              Alexander Edler          50     1   2  2  

Last Minutes Offensive
   Center                   Left Wing                Right Wing               Defense                  Defense                  
   Steven Stamkos           T.J. Oshie               Nazem Kadri              Shea Weber               Alexander Edler          

Last Minutes Defensive
   Center                   Left Wing                Right Wing               Defense                  Defense                  
   Steven Stamkos           T.J. Oshie               Nazem Kadri              Shea Weber               Alexander Edler          

Goaltenders
Starting : Scott Darling            
Backup : Steve Mason              

Extra Forwards
Normal : Danton Heinen, Brayden Point, Conor Sheary - PP : Danton Heinen, Brayden Point - PK : Conor Sheary
Extra Defensemen
Normal : Matt Hunwick, Dmitry Kulikov, Nick Holden - PP : Matt Hunwick - PK : Dmitry Kulikov, Nick Holden
Penalty Shots
T.J. Oshie, Brayden Point, Danton Heinen, Alexander Kerfoot, Alexander Debrincat
Custom OT Lines Forwards
Steven Stamkos, T.J. Oshie, Nazem Kadri, Tyler Johnson, Tanner Pearson, Andrew Cogliano, Danton Heinen, Brayden Point, Conor Sheary, Alexander Kerfoot
Custom OT Lines Defensemen
Shea Weber, Alexander Edler, Nick Holden, Ben Lovejoy, Matt Hunwick

Scratches
Linden Vey (Healthy), Michal Neuvirth (Healthy)

% Time on Ice - Maroons

Lines # - Real PCT - Wanted PCT - Time Play
Normal Forward
1 - 36% - 40% - 17:35
2 - 28% - 30% - 13:34
3 - 22% - 20% - 10:51
4 - 13% - 10% - 6:27
Normal Defense
1 - 38% - 40% - 18:28
2 - 33% - 30% - 15:59
3 - 25% - 20% - 12:13
4 - 4% - 10% - 1:47
PP Forward
1 - 64% - 60% - 3:39
2 - 36% - 40% - 2:05
PP Defense
1 - 62% - 60% - 3:32
2 - 38% - 40% - 2:12
PK Forward
1 - 77% - 60% - 4:28
2 - 23% - 40% - 1:21
PK Defense
1 - 57% - 60% - 3:20
2 - 43% - 40% - 2:29
PK3 Forward
1 - 100% - 60% - 0:08
2 - 0% - 40% - 0:00
PK3 Defense
1 - 100% - 60% - 0:08
2 - 0% - 40% - 0:00
44 Forward
1 - 0% - 60%
2 - 0% - 40%
44 Defense
1 - 0% - 60%
2 - 0% - 40%
Last Minute Offensive  - 0:00
Last Minute Defensive  - 0:00
Total
Forward - 60:08
Defense - 60:08

% Time on Ice - Devils

Lines # - Real PCT - Wanted PCT - Time Play
Normal Forward
1 - 29% - 31% - 14:14
2 - 31% - 31% - 15:10
3 - 26% - 28% - 12:47
4 - 13% - 10% - 6:16
Normal Defense
1 - 38% - 37% - 18:25
2 - 36% - 34% - 17:12
3 - 26% - 25% - 12:50
4 - 0% - 4% - 0:00
PP Forward
1 - 50% - 50% - 2:54
2 - 50% - 50% - 2:55
PP Defense
1 - 48% - 50% - 2:48
2 - 52% - 50% - 3:01
PK Forward
1 - 77% - 60% - 3:31
2 - 23% - 40% - 1:04
PK Defense
1 - 51% - 50% - 2:19
2 - 49% - 50% - 2:16
PK3 Forward
1 - 100% - 66% - 1:09
2 - 0% - 34% - 0:00
PK3 Defense
1 - 52% - 60% - 0:36
2 - 48% - 40% - 0:33
44 Forward
1 - 100% - 50% - 0:08
2 - 0% - 50% - 0:00
44 Defense
1 - 100% - 50% - 0:08
2 - 0% - 50% - 0:00
Last Minute Offensive  - 0:00
Last Minute Defensive  - 0:00
Total
Forward - 60:08
Defense - 60:08

Play by Play

1st period


0:01 of 1st period - Steven Stamkos wins face-off versus Mikko Koivu in neutral zone.
0:08 of 1st period - Off-side.
0:09 of 1st period - Mikko Koivu wins face-off versus Steven Stamkos in neutral zone.
0:22 of 1st period - Christopher Tanev is hit by Steven Stamkos and loses puck.
0:37 of 1st period - Snap shot by Alexander Kerfoot.
0:37 of 1st period - Goal by Alexander Kerfoot - Maroons : 0 - Devils : 1.
0:38 of 1st period - Brayden Point wins face-off versus Cal Clutterbuck in neutral zone.
1:30 of 1st period - Andrew Cogliano is hit by Zack Kassian and loses puck.
1:53 of 1st period - Wrist shot by Mikko Koivu.
1:53 of 1st period - Shot Misses the Net.
1:55 of 1st period - Snap shot by Carl Gunnarsson.
1:55 of 1st period - Deflect By Jakub Voracek.
1:55 of 1st period - Shot Misses the Net.
1:55 of 1st period - Puck is out of play.
1:56 of 1st period - Danton Heinen wins face-off versus Bo Horvat in Devils zone.
2:28 of 1st period - Wrist shot by Nazem Kadri.
2:28 of 1st period - Stopped by John Gibson without a rebound.
2:29 of 1st period - Mikko Koivu wins face-off versus Tanner Pearson in Maroons zone.
3:17 of 1st period - Wrist shot by Alexander Kerfoot.
3:17 of 1st period - Stopped by John Gibson with a rebound.
3:23 of 1st period - Snap shot by Beau Bennett.
3:23 of 1st period - Shot Misses the Net.
4:20 of 1st period - Slapshot by Matthew Tkachuk.
4:20 of 1st period - Stopped by Scott Darling with a rebound.
4:32 of 1st period - Snap shot by Tanner Pearson.
4:32 of 1st period - Shot Misses the Net.
5:32 of 1st period - Slapshot by Tanner Pearson.
5:32 of 1st period - Shot Misses the Net.
5:42 of 1st period - Wrist shot by Tanner Pearson.
5:42 of 1st period - Shot Misses the Net.
5:44 of 1st period - Snap shot by Tanner Pearson.
5:44 of 1st period - Shot Misses the Net.
5:46 of 1st period - Snap shot by Alexander Debrincat.
5:46 of 1st period - Shot Misses the Net.
6:01 of 1st period - Icing by Jacob Trouba.
6:02 of 1st period - Brayden Point wins face-off versus Jakub Voracek in Maroons zone.
6:03 of 1st period - Snap shot by T.J. Oshie.
6:03 of 1st period - Stopped by John Gibson without a rebound.
6:04 of 1st period - Brayden Point wins face-off versus Bo Horvat in Maroons zone.
6:05 of 1st period - Snap shot by T.J. Oshie.
6:05 of 1st period - Stopped by John Gibson without a rebound.
6:06 of 1st period - Bo Horvat wins face-off versus Brayden Point in Maroons zone.
6:31 of 1st period - Shea Weber is hit by Brendan Gallagher and loses puck.
6:38 of 1st period - Christopher Tanev is hit by Ben Lovejoy.
6:52 of 1st period - Snap shot by Jayson Megna.
6:52 of 1st period - Shot Misses the Net.
7:34 of 1st period - Icing by Shea Weber.
7:35 of 1st period - Steven Stamkos wins face-off versus Nick Schmaltz in Devils zone.
7:35 of 1st period - Steven Stamkos is hit by Brendan Gallagher.
7:41 of 1st period - Snap shot by Steven Stamkos.
7:41 of 1st period - Stopped by John Gibson with a rebound.
7:55 of 1st period - Erik Karlsson is hit by Dmitry Kulikov and loses puck.
8:18 of 1st period - Slapshot by Steven Stamkos.
8:18 of 1st period - Stopped by John Gibson without a rebound.
8:19 of 1st period - Brayden Point wins face-off versus Bo Horvat in Maroons zone.
8:20 of 1st period - Wrist shot by T.J. Oshie.
8:20 of 1st period - Deflect By Brayden Point.
8:20 of 1st period - Shot Misses the Net.
8:20 of 1st period - Puck is out of play.
8:21 of 1st period - Brayden Point wins face-off versus Bo Horvat in Maroons zone.
8:45 of 1st period - Minor Penalty to Jakub Voracek for Roughing.
8:46 of 1st period - Mikko Koivu wins face-off versus Alexander Kerfoot in Maroons zone.
10:05 of 1st period - Snap shot by Bo Horvat.
10:05 of 1st period - Stopped by Scott Darling without a rebound.
10:06 of 1st period - Matt Duchene wins face-off versus Steven Stamkos in Devils zone.
10:45 of 1st period - Penalty to Jakub Voracek is over, Jakub Voracek is back on ice.
10:59 of 1st period - Snap shot by Brendan Gallagher.
10:59 of 1st period - Stopped by Scott Darling without a rebound.
11:00 of 1st period - Bo Horvat wins face-off versus Brayden Point in Devils zone.
11:25 of 1st period - Nazem Kadri is hit by Zack Kassian and loses puck.
11:57 of 1st period - Ben Lovejoy is hit by Mikko Koivu and loses puck.
12:08 of 1st period - Slapshot by Brendan Gallagher.
12:08 of 1st period - Stopped by Scott Darling without a rebound.
12:09 of 1st period - Dominic Moore wins face-off versus Nick Schmaltz in Devils zone.
13:03 of 1st period - Wrist shot by Steven Stamkos.
13:03 of 1st period - Shot Misses the Net.
13:05 of 1st period - Snap shot by Matt Hunwick.
13:05 of 1st period - Stopped by John Gibson without a rebound.
13:06 of 1st period - Steven Stamkos wins face-off versus Mikko Koivu in Maroons zone.
13:09 of 1st period - Snap shot by Steven Stamkos.
13:09 of 1st period - Goal by Steven Stamkos - Maroons : 0 - Devils : 2.
13:10 of 1st period - Bo Horvat wins face-off versus Steven Stamkos in neutral zone.
13:20 of 1st period - Dmitry Kulikov is hit by Erik Karlsson and loses puck.
13:47 of 1st period - Snap shot by Brayden Point.
13:47 of 1st period - Stopped by John Gibson with a rebound.
14:17 of 1st period - Minor Penalty to Nazem Kadri for Charging.
14:18 of 1st period - Mikko Koivu wins face-off versus Andrew Cogliano in Devils zone.
14:23 of 1st period - Wrist shot by Jakub Voracek.
14:23 of 1st period - Deflect By Andrew Cogliano.
14:23 of 1st period - Shot Misses the Net.
14:23 of 1st period - Puck is out of play.
14:24 of 1st period - Mikko Koivu wins face-off versus Andrew Cogliano in Devils zone.
15:07 of 1st period - Minor Penalty to Tyler Johnson for Holding.
15:08 of 1st period - Andrew Cogliano wins face-off versus Mikko Koivu in Devils zone.
15:08 of 1st period - Andrew Cogliano is hit by Matt Duchene.
16:17 of 1st period - Penalty to Nazem Kadri is over, Nazem Kadri is back on ice.
16:20 of 1st period - Snap shot by Conor Sheary.
16:20 of 1st period - Stopped by John Gibson with a rebound.
17:07 of 1st period - Penalty to Tyler Johnson is over, Tyler Johnson is back on ice.
17:54 of 1st period - Icing by Nick Schultz.
17:55 of 1st period - Pierre-Luc Dubois wins face-off versus Brayden Point in Maroons zone.
18:11 of 1st period - Wrist shot by Brayden Point.
18:11 of 1st period - Shot Misses the Net.
18:33 of 1st period - Snap shot by Conor Sheary.
18:33 of 1st period - Shot Blocked by Matthew Tkachuk.
18:45 of 1st period - Nick Schultz is hit by Andrew Cogliano and loses puck.
18:57 of 1st period - Off-side.
18:58 of 1st period - Nick Schmaltz wins face-off versus Nazem Kadri in neutral zone.
19:03 of 1st period - Snap shot by Brendan Gallagher.
19:03 of 1st period - Stopped by Scott Darling without a rebound.
19:04 of 1st period - Steven Stamkos wins face-off versus Bo Horvat in Devils zone.
19:39 of 1st period - Snap shot by Jakub Voracek.
19:39 of 1st period - Stopped by Scott Darling with a rebound.
Goals for this period are 0 for Maroons vs 2 for Devils.
Shots for this period are 6 for Maroons vs 11 for Devils.

2nd period


0:01 of 2nd period - Steven Stamkos wins face-off versus Mikko Koivu in neutral zone.
0:05 of 2nd period - Minor Penalty to Matthew Tkachuk for Holding.
0:06 of 2nd period - Mikko Koivu wins face-off versus Brayden Point in Maroons zone.
0:12 of 2nd period - Slapshot by Mikko Koivu.
0:12 of 2nd period - Shot Blocked by Shea Weber.
1:12 of 2nd period - Cal Clutterbuck is hit by Nick Holden and loses puck.
1:38 of 2nd period - Slapshot by Torey Krug.
1:38 of 2nd period - Deflect By Beau Bennett.
1:38 of 2nd period - Shot Misses the Net.
1:38 of 2nd period - Puck is out of play.
1:39 of 2nd period - Steven Stamkos wins face-off versus Pierre-Luc Dubois in Devils zone.
2:05 of 2nd period - Penalty to Matthew Tkachuk is over, Matthew Tkachuk is back on ice.
2:32 of 2nd period - Nick Holden is hit by Bo Horvat and loses puck.
3:14 of 2nd period - Slapshot by Andrew Cogliano.
3:14 of 2nd period - Shot Blocked by Jacob Trouba.
3:35 of 2nd period - Slapshot by Matthew Tkachuk.
3:35 of 2nd period - Shot Blocked by Tanner Pearson.
3:47 of 2nd period - Slapshot by Steven Stamkos.
3:47 of 2nd period - Stopped by John Gibson with a rebound.
3:49 of 2nd period - Slapshot by Dmitry Kulikov.
3:49 of 2nd period - Deflect By Steven Stamkos.
3:49 of 2nd period - Goal by Steven Stamkos - Maroons : 0 - Devils : 3.
3:50 of 2nd period - Steven Stamkos wins face-off versus Mikko Koivu in neutral zone.
4:05 of 2nd period - Alexander Kerfoot is hit by Jakub Voracek and loses puck.
4:26 of 2nd period - Wrist shot by Matt Duchene.
4:26 of 2nd period - Stopped by Scott Darling with a rebound.
5:02 of 2nd period - Wrist shot by Pierre-Luc Dubois.
5:02 of 2nd period - Stopped by Scott Darling with a rebound.
5:04 of 2nd period - Snap shot by Pierre-Luc Dubois.
5:04 of 2nd period - Shot Blocked by Dominic Moore.
5:06 of 2nd period - Slapshot by Torey Krug.
5:06 of 2nd period - Stopped by Scott Darling with a rebound.
5:08 of 2nd period - Snap shot by Jacob Trouba.
5:08 of 2nd period - Stopped by Scott Darling without a rebound.
5:09 of 2nd period - Steven Stamkos wins face-off versus Mikko Koivu in Devils zone.
5:22 of 2nd period - Wrist shot by Tyler Johnson.
5:22 of 2nd period - Shot Misses the Net.
5:24 of 2nd period - Slapshot by Alexander Edler.
5:24 of 2nd period - Shot Blocked by Christopher Tanev.
5:34 of 2nd period - Christopher Tanev is hit by T.J. Oshie and loses puck.
6:02 of 2nd period - Off-side.
6:03 of 2nd period - Matthew Tkachuk wins face-off versus Steven Stamkos in neutral zone.
6:40 of 2nd period - Off-side.
6:41 of 2nd period - Steven Stamkos wins face-off versus Bo Horvat in neutral zone.
6:44 of 2nd period - Bo Horvat is hit by Steven Stamkos and loses puck.
6:51 of 2nd period - Wrist shot by Tyler Johnson.
6:51 of 2nd period - Stopped by John Gibson with a rebound.
6:53 of 2nd period - Snap shot by Steven Stamkos.
6:53 of 2nd period - Shot Blocked by Christopher Tanev.
6:55 of 2nd period - Slapshot by Ben Lovejoy.
6:55 of 2nd period - Shot Misses the Net.
6:57 of 2nd period - Snap shot by Steven Stamkos.
6:57 of 2nd period - Stopped by John Gibson without a rebound.
6:58 of 2nd period - Nazem Kadri wins face-off versus Mikko Koivu in Maroons zone.
7:03 of 2nd period - Snap shot by Alexander Debrincat.
7:03 of 2nd period - Shot Misses the Net.
7:09 of 2nd period - Nazem Kadri is hit by Matthew Tkachuk and loses puck.
7:31 of 2nd period - Snap shot by Bo Horvat.
7:31 of 2nd period - Goal by Bo Horvat - Maroons : 1 - Devils : 3.
7:32 of 2nd period - Mikko Koivu wins face-off versus Steven Stamkos in neutral zone.
8:03 of 2nd period - T.J. Oshie is hit by Cal Clutterbuck.
9:07 of 2nd period - Snap shot by Conor Sheary.
9:07 of 2nd period - Stopped by John Gibson with a rebound.
9:09 of 2nd period - Wrist shot by Andrew Cogliano.
9:09 of 2nd period - Shot Misses the Net.
9:11 of 2nd period - Wrist shot by Andrew Cogliano.
9:11 of 2nd period - Stopped by John Gibson without a rebound.
9:12 of 2nd period - Bo Horvat wins face-off versus Brayden Point in Maroons zone.
9:16 of 2nd period - Off-side.
9:17 of 2nd period - Bo Horvat wins face-off versus Brayden Point in neutral zone.
9:20 of 2nd period - T.J. Oshie is hit by Bo Horvat.
9:38 of 2nd period - Nick Holden is hit by Matt Duchene.
9:58 of 2nd period - Snap shot by Cal Clutterbuck.
9:58 of 2nd period - Shot Misses the Net.
10:00 of 2nd period - Minor Penalty to Nick Holden for Hooking.
10:01 of 2nd period - Mikko Koivu wins face-off versus Dominic Moore in Devils zone.
10:02 of 2nd period - Slapshot by Jakub Voracek.
10:02 of 2nd period - Stopped by Scott Darling without a rebound.
10:03 of 2nd period - Mikko Koivu wins face-off versus Dominic Moore in Devils zone.
10:19 of 2nd period - Off-side.
10:20 of 2nd period - Bo Horvat wins face-off versus Andrew Cogliano in neutral zone.
10:47 of 2nd period - Erik Karlsson is hit by Ben Lovejoy and loses puck.
10:54 of 2nd period - Snap shot by Tanner Pearson.
10:54 of 2nd period - Stopped by John Gibson with a rebound.
10:56 of 2nd period - Snap shot by Tanner Pearson.
10:56 of 2nd period - Stopped by John Gibson without a rebound.
10:57 of 2nd period - Mikko Koivu wins face-off versus Andrew Cogliano in Maroons zone.
11:28 of 2nd period - Slapshot by Bo Horvat.
11:28 of 2nd period - Shot Misses the Net.
11:30 of 2nd period - Slapshot by Erik Karlsson.
11:30 of 2nd period - Goal by Erik Karlsson - Maroons : 2 - Devils : 3.
11:31 of 2nd period - Steven Stamkos wins face-off versus Mikko Koivu in neutral zone.
12:23 of 2nd period - Snap shot by Erik Karlsson.
12:23 of 2nd period - Shot Misses the Net.
12:25 of 2nd period - Wrist shot by Nick Schmaltz.
12:25 of 2nd period - Stopped by Scott Darling without a rebound.
12:26 of 2nd period - Steven Stamkos wins face-off versus Mikko Koivu in Devils zone.
12:51 of 2nd period - Jacob Trouba is hit by Brayden Point and loses puck.
13:00 of 2nd period - Snap shot by Danton Heinen.
13:00 of 2nd period - Shot Blocked by Torey Krug.
13:02 of 2nd period - Wrist shot by Matt Hunwick.
13:02 of 2nd period - Stopped by John Gibson with a rebound.
13:04 of 2nd period - Snap shot by Danton Heinen.
13:04 of 2nd period - Shot Misses the Net.
13:42 of 2nd period - Wrist shot by Alexander Kerfoot.
13:42 of 2nd period - Shot Misses the Net.
15:02 of 2nd period - Wrist shot by Pierre-Luc Dubois.
15:02 of 2nd period - Stopped by Scott Darling with a rebound.
15:04 of 2nd period - Slapshot by Zack Kassian.
15:04 of 2nd period - Stopped by Scott Darling without a rebound.
15:05 of 2nd period - Mikko Koivu wins face-off versus Steven Stamkos in Devils zone.
15:24 of 2nd period - Jakub Voracek is hit by Alexander Kerfoot and loses puck.
15:28 of 2nd period - Icing by Nick Schultz.
15:29 of 2nd period - Nazem Kadri wins face-off versus Mikko Koivu in Maroons zone.
15:31 of 2nd period - Minor Penalty to Ben Lovejoy for Elbowing.
15:32 of 2nd period - Mikko Koivu wins face-off versus Andrew Cogliano in Devils zone.
15:34 of 2nd period - Slapshot by Jakub Voracek.
15:34 of 2nd period - Shot Blocked by Dmitry Kulikov.
15:36 of 2nd period - Backhand shot by Mikko Koivu.
15:36 of 2nd period - Stopped by Scott Darling with a rebound.
15:38 of 2nd period - Wrist shot by Matt Duchene.
15:38 of 2nd period - Goal by Matt Duchene - Maroons : 3 - Devils : 3.
15:39 of 2nd period - Steven Stamkos wins face-off versus Mikko Koivu in neutral zone.
17:20 of 2nd period - Wrist shot by Jakub Voracek.
17:20 of 2nd period - Shot Misses the Net.
17:22 of 2nd period - Slapshot by Christopher Tanev.
17:22 of 2nd period - Stopped by Scott Darling without a rebound.
17:23 of 2nd period - Mikko Koivu wins face-off versus Brayden Point in Devils zone.
17:28 of 2nd period - Snap shot by Matthew Tkachuk.
17:28 of 2nd period - Stopped by Scott Darling without a rebound.
17:29 of 2nd period - Brayden Point wins face-off versus Mikko Koivu in Devils zone.
17:31 of 2nd period - Icing by Danton Heinen.
17:32 of 2nd period - Mikko Koivu wins face-off versus Brayden Point in Devils zone.
19:15 of 2nd period - Wrist shot by Matt Duchene.
19:15 of 2nd period - Shot Blocked by Danton Heinen.
19:17 of 2nd period - Snap shot by Bo Horvat.
19:17 of 2nd period - Stopped by Scott Darling with a rebound.
19:27 of 2nd period - Brayden Point is hit by Pierre-Luc Dubois and loses puck.
19:42 of 2nd period - Snap shot by Brayden Point.
19:42 of 2nd period - Stopped by John Gibson without a rebound.
19:43 of 2nd period - Mikko Koivu wins face-off versus Nazem Kadri in Maroons zone.
19:50 of 2nd period - Snap shot by Matthew Tkachuk.
19:50 of 2nd period - Shot Misses the Net.
Goals for this period are 3 for Maroons vs 1 for Devils.
Shots for this period are 15 for Maroons vs 10 for Devils.

3rd period


0:01 of 3rd period - Steven Stamkos wins face-off versus Mikko Koivu in neutral zone.
0:16 of 3rd period - Snap shot by Matthew Tkachuk.
0:16 of 3rd period - Shot Blocked by Steven Stamkos.
0:26 of 3rd period - Christopher Tanev is hit by Nick Holden and loses puck.
0:33 of 3rd period - Snap shot by Tanner Pearson.
0:33 of 3rd period - Goal by Tanner Pearson - Maroons : 3 - Devils : 4.
0:34 of 3rd period - Brayden Point wins face-off versus Mikko Koivu in neutral zone.
1:07 of 3rd period - Backhand shot by Matt Duchene.
1:07 of 3rd period - Stopped by Scott Darling without a rebound.
1:08 of 3rd period - Bo Horvat wins face-off versus Steven Stamkos in Devils zone.
1:11 of 3rd period - Wrist shot by Matt Duchene.
1:11 of 3rd period - Stopped by Scott Darling without a rebound.
1:12 of 3rd period - Steven Stamkos wins face-off versus Jakub Voracek in Devils zone.
1:12 of 3rd period - Steven Stamkos is hit by Matthew Tkachuk.
1:22 of 3rd period - Snap shot by Tyler Johnson.
1:22 of 3rd period - Stopped by John Gibson without a rebound.
1:23 of 3rd period - Alexander Debrincat wins face-off versus Mikko Koivu in Maroons zone.
2:13 of 3rd period - Beau Bennett is hit by Brayden Point and loses puck.
2:28 of 3rd period - Wrist shot by Conor Sheary.
2:28 of 3rd period - Shot Misses the Net.
2:30 of 3rd period - Snap shot by Matt Hunwick.
2:30 of 3rd period - Deflect By Torey Krug.
2:30 of 3rd period - Stopped by John Gibson without a rebound.
2:31 of 3rd period - Dominic Moore wins face-off versus Jayson Megna in Maroons zone.
2:34 of 3rd period - Backhand shot by Conor Sheary.
2:34 of 3rd period - Shot Misses the Net.
2:36 of 3rd period - Slapshot by Dmitry Kulikov.
2:36 of 3rd period - Stopped by John Gibson with a rebound.
2:38 of 3rd period - Slapshot by Dmitry Kulikov.
2:38 of 3rd period - Stopped by John Gibson with a rebound.
2:40 of 3rd period - Slapshot by Dmitry Kulikov.
2:40 of 3rd period - Stopped by John Gibson with a rebound.
2:42 of 3rd period - Snap shot by Dominic Moore.
2:42 of 3rd period - Stopped by John Gibson without a rebound.
2:43 of 3rd period - Nazem Kadri wins face-off versus Mikko Koivu in Maroons zone.
2:44 of 3rd period - Slapshot by Tanner Pearson.
2:44 of 3rd period - Stopped by John Gibson without a rebound.
2:45 of 3rd period - Nazem Kadri wins face-off versus Mikko Koivu in Maroons zone.
3:00 of 3rd period - Snap shot by Nazem Kadri.
3:00 of 3rd period - Shot Misses the Net.
3:20 of 3rd period - Snap shot by Matt Duchene.
3:20 of 3rd period - Stopped by Scott Darling without a rebound.
3:21 of 3rd period - Mikko Koivu wins face-off versus Brayden Point in Devils zone.
3:27 of 3rd period - Off-side.
3:28 of 3rd period - Brayden Point wins face-off versus Mikko Koivu in neutral zone.
3:41 of 3rd period - Slapshot by Matthew Tkachuk.
3:41 of 3rd period - Stopped by Scott Darling with a rebound.
3:43 of 3rd period - Slapshot by Carl Gunnarsson.
3:43 of 3rd period - Shot Blocked by Danton Heinen.
4:32 of 3rd period - Wrist shot by Danton Heinen.
4:32 of 3rd period - Goal by Danton Heinen - Maroons : 3 - Devils : 5.
4:33 of 3rd period - Steven Stamkos wins face-off versus Matthew Tkachuk in neutral zone.
4:36 of 3rd period - Slapshot by Shea Weber.
4:36 of 3rd period - Stopped by John Gibson with a rebound.
5:25 of 3rd period - Wrist shot by Andrew Cogliano.
5:25 of 3rd period - Shot Blocked by Jacob Trouba.
5:55 of 3rd period - Backhand shot by Torey Krug.
5:55 of 3rd period - Stopped by Scott Darling without a rebound.
5:56 of 3rd period - Brayden Point wins face-off versus Mikko Koivu in Devils zone.
6:22 of 3rd period - Icing by Christopher Tanev.
6:23 of 3rd period - Mikko Koivu wins face-off versus Alexander Kerfoot in Maroons zone.
6:23 of 3rd period - Matthew Tkachuk is hit by Alexander Kerfoot and loses puck.
6:48 of 3rd period - Matthew Tkachuk is hit by Brayden Point and loses puck.
7:15 of 3rd period - Slapshot by Matthew Tkachuk.
7:15 of 3rd period - Stopped by Scott Darling with a rebound.
7:17 of 3rd period - Wrist shot by Mikko Koivu.
7:17 of 3rd period - Goal by Mikko Koivu - Maroons : 4 - Devils : 5.
7:18 of 3rd period - Nazem Kadri wins face-off versus Bo Horvat in neutral zone.
7:27 of 3rd period - Wrist shot by Tanner Pearson.
7:27 of 3rd period - Shot Blocked by Jacob Trouba.
7:43 of 3rd period - Shea Weber is hit by Brendan Gallagher and loses puck.
8:07 of 3rd period - Snap shot by Conor Sheary.
8:07 of 3rd period - Shot Misses the Net.
8:09 of 3rd period - Slapshot by Matt Hunwick.
8:09 of 3rd period - Shot Blocked by Brendan Gallagher.
9:17 of 3rd period - Slapshot by Erik Karlsson.
9:17 of 3rd period - Stopped by Scott Darling without a rebound.
9:18 of 3rd period - Mikko Koivu wins face-off versus Alexander Debrincat in Devils zone.
9:31 of 3rd period - Slapshot by Tanner Pearson.
9:31 of 3rd period - Shot Blocked by Mikko Koivu.
9:33 of 3rd period - Slapshot by Shea Weber.
9:33 of 3rd period - Deflect By Nazem Kadri.
9:33 of 3rd period - Stopped by John Gibson with a rebound.
10:10 of 3rd period - Jayson Megna is hit by Ben Lovejoy and loses puck.
11:01 of 3rd period - Wrist shot by Brendan Gallagher.
11:01 of 3rd period - Shot Blocked by Ben Lovejoy.
11:03 of 3rd period - Snap shot by Brendan Gallagher.
11:03 of 3rd period - Stopped by Scott Darling with a rebound.
11:05 of 3rd period - Snap shot by Beau Bennett.
11:05 of 3rd period - Stopped by Scott Darling without a rebound.
11:06 of 3rd period - Nazem Kadri wins face-off versus Matthew Tkachuk in Devils zone.
11:11 of 3rd period - Shea Weber is hit by Erik Karlsson and loses puck.
11:32 of 3rd period - Matt Duchene is hit by Dmitry Kulikov.
11:36 of 3rd period - Snap shot by Brayden Point.
11:36 of 3rd period - Shot Blocked by Bo Horvat.
12:27 of 3rd period - Snap shot by Conor Sheary.
12:27 of 3rd period - Stopped by John Gibson with a rebound.
13:02 of 3rd period - Off-side.
13:03 of 3rd period - Bo Horvat wins face-off versus Brayden Point in neutral zone.
13:08 of 3rd period - Snap shot by Matt Duchene.
13:08 of 3rd period - Stopped by Scott Darling with a rebound.
13:10 of 3rd period - Slapshot by Cal Clutterbuck.
13:10 of 3rd period - Shot Misses the Net.
13:36 of 3rd period - Snap shot by Jakub Voracek.
13:36 of 3rd period - Shot Hit the Post.
13:44 of 3rd period - Minor Penalty to Tyler Johnson for High sticking.
13:45 of 3rd period - Mikko Koivu wins face-off versus Andrew Cogliano in Devils zone.
14:00 of 3rd period - Backhand shot by Jakub Voracek.
14:00 of 3rd period - Shot Blocked by Ben Lovejoy.
14:21 of 3rd period - Slapshot by Torey Krug.
14:21 of 3rd period - Stopped by Scott Darling without a rebound.
14:22 of 3rd period - Conor Sheary wins face-off versus Mikko Koivu in Devils zone.
14:35 of 3rd period - Slapshot by Conor Sheary.
14:35 of 3rd period - Stopped by John Gibson without a rebound.
14:36 of 3rd period - Mikko Koivu wins face-off versus Andrew Cogliano in Maroons zone.
14:48 of 3rd period - Off-side.
14:49 of 3rd period - Mikko Koivu wins face-off versus Andrew Cogliano in neutral zone.
15:00 of 3rd period - Slapshot by Matt Duchene.
15:00 of 3rd period - Stopped by Scott Darling with a rebound.
15:02 of 3rd period - Snap shot by Matt Duchene.
15:02 of 3rd period - Goal by Matt Duchene - Maroons : 5 - Devils : 5.
15:03 of 3rd period - Nazem Kadri wins face-off versus Nick Schmaltz in neutral zone.
15:28 of 3rd period - Dmitry Kulikov is hit by Mikko Koivu and loses puck.
17:25 of 3rd period - Snap shot by Jayson Megna.
17:25 of 3rd period - Stopped by Scott Darling with a rebound.
17:58 of 3rd period - Wrist shot by T.J. Oshie.
17:58 of 3rd period - Stopped by John Gibson with a rebound.
18:00 of 3rd period - Snap shot by Nick Holden.
18:00 of 3rd period - Shot Blocked by Carl Gunnarsson.
18:02 of 3rd period - Slapshot by Alexander Edler.
18:02 of 3rd period - Shot Blocked by Beau Bennett.
18:08 of 3rd period - Minor Penalty to Carl Gunnarsson for Holding.
18:09 of 3rd period - Danton Heinen wins face-off versus Matthew Tkachuk in Maroons zone.
18:22 of 3rd period - Wrist shot by Brayden Point.
18:22 of 3rd period - Stopped by John Gibson without a rebound.
18:23 of 3rd period - Steven Stamkos wins face-off versus Mikko Koivu in Maroons zone.
19:22 of 3rd period - Alexander Kerfoot is hit by Torey Krug and loses puck.
19:37 of 3rd period - Christopher Tanev is hit by Danton Heinen and loses puck.
Goals for this period are 2 for Maroons vs 2 for Devils.
Shots for this period are 15 for Maroons vs 15 for Devils.

Overtime #1


0:01 of 1st overtime period - Steven Stamkos wins face-off versus Mikko Koivu in neutral zone.
0:08 of 1st overtime period - Penalty to Carl Gunnarsson is over, Carl Gunnarsson is back on ice.
0:11 of 1st overtime period - Icing by Matt Hunwick.
0:12 of 1st overtime period - Mikko Koivu wins face-off versus Steven Stamkos in Devils zone.
0:53 of 1st overtime period - Snap shot by Steven Stamkos.
0:53 of 1st overtime period - Deflect By Nazem Kadri.
0:53 of 1st overtime period - Goal by Nazem Kadri - Maroons : 5 - Devils : 6.
Goals for this period are 0 for Maroons vs 1 for Devils.
Shots for this period are 0 for Maroons vs 1 for Devils.